General information
- name: BNet
- type: Ladder 1vs1/FFA
- host: Battle.net
- saver: BEAR_AND
map: TerenasStand
- players: 2
- length: 50:08
- speed: Fast
- version: 1.21 W3XP
- replay type:

» download(158 KB)
Players
team 1 (loser)
Tronko (
orange | 57 APM | 2875 actions | 50:04)
5 Crypt Lord
3 Carrion Beetles
2 Impale
1 Firelord
1 Summon Lava Spawn
» actions
| Assign group hotkey | 70 | |
| Basic commands | 2 | |
| Build / train | 92 | |
| ESC pressed | 2 | |
| Enter build submenu | 34 | |
| Enter hero's abilities submenu | 8 | |
| Right click | 1092 | |
| Select / deselect | 623 | |
| Select group hotkey | 856 | |
| Use ability | 96 | |
2875 total
» units
| Acolyte | 13 | |
| Ghoul | 6 | |
| Crypt Fiend | 13 | |
| Obsidian Statue | 14 | |
| Meatwagon | 4 | |
| Abomination | 3 | |
| Frost Wyrm | 8 | |
61 total
» upgrades
| Creature Carapace | 1 | |
| Web | 1 | |
| Destroyer Form | 1 | |
| Disease Cloud | 1 | |
| Unholy Armor | 1 | |
| Freezing Breath | 1 | |
6 total
» buildings
| Crypt | 1 | |
| Graveyard | 1 | |
| Altar of Darkness | 1 | |
| Ziggurat | 14 | |
| Nerubian Tower | 4 | |
| Tomb of Relics | 1 | |
| Halls of the Dead | 1 | |
| Slaughterhouse | 2 | |
| Black Citadel | 1 | |
| Spirit Tower | 5 | |
| Sacrificial Pit | 1 | |
| Boneyard | 2 | |
34 total
» build order
00:25 Crypt
00:45 Graveyard
00:50 Altar of Darkness
01:01 Ziggurat
01:39 Ziggurat
02:01 Nerubian Tower
02:39 Tomb of Relics
04:00 Ziggurat
04:44 Halls of the Dead
06:26 Ziggurat
06:29 Ziggurat
07:19 Slaughterhouse
09:19 Black Citadel
09:30 Slaughterhouse
13:11 Ziggurat
19:05 Ziggurat
19:10 Ziggurat
20:29 Spirit Tower
23:13 Ziggurat
23:15 Ziggurat
23:20 Ziggurat
23:24 Ziggurat
24:06 Spirit Tower
24:08 Spirit Tower
24:12 Nerubian Tower
24:18 Spirit Tower
26:38 Ziggurat
28:06 Spirit Tower
28:09 Ziggurat
28:13 Sacrificial Pit
29:01 Boneyard
29:43 Nerubian Tower
32:03 Boneyard
43:14 Nerubian Tower
» items
| Rod of Necromancy | 1 | |
| Potion of Healing | 3 | |
| Scroll of Healing | 2 | |
6 total
team 2 (winner)
BEAR_AND (
green | 83 APM | 4155 actions | 50:08)
5 Archmage
3 Blizzard
2 Brilliance Aura
5 Mountain King
3 Storm Bolt
2 Bash
4 Paladin
2 Holy Light
2 Divine Shield
» actions
| Assign group hotkey | 7 | |
| Basic commands | 15 | |
| Build / train | 135 | |
| Enter build submenu | 64 | |
| Enter hero's abilities submenu | 15 | |
| Give item / drop item | 14 | |
| Remove unit from queue | 2 | |
| Right click | 2389 | |
| Select / deselect | 663 | |
| Select group hotkey | 525 | |
| Use ability | 323 | |
4155 total
» units
| Peasant | 18 | |
| Priest | 1 | |
| Goblin Shredder | 1 | |
| Sorceress | 1 | |
| Siege Engine | 5 | |
26 total
» upgrades
| Masonry | 3 | |
| Lumber Harvesting | 2 | |
| Magic Sentry | 1 | |
| Sorceress Training | 1 | |
| Barrage | 1 | |
| Gunpowder | 3 | |
| Cloud | 1 | |
12 total
» buildings
| Altar of Kings | 1 | |
| Farm | 9 | |
| Lumber Mill | 1 | |
| Scout Tower | 118 | |
| Guard Tower | 61 | |
| Arcane Tower | 2 | |
| Arcane Vault | 1 | |
| Keep | 2 | |
| Town Hall | 4 | |
| Arcane Sanctum | 1 | |
| Castle | 1 | |
| Blacksmith | 1 | |
| Workshop | 1 | |
| Gryphon Aviary | 2 | |
| Barracks | 1 | |
206 total
» build order
00:06 Altar of Kings
00:18 Farm
00:34 Lumber Mill
00:47 Farm
01:00 Scout Tower
01:29 Scout Tower
01:35 Guard Tower
01:55 Scout Tower
02:02 Guard Tower
02:50 Guard Tower
02:51 Scout Tower
03:07 Scout Tower
03:09 Scout Tower
03:19 Guard Tower
03:33 Guard Tower
03:35 Arcane Tower
03:46 Arcane Tower
03:51 Arcane Vault
03:54 Scout Tower
03:54 Scout Tower
03:55 Scout Tower
04:08 Keep
04:08 Keep
04:37 Farm
05:29 Guard Tower
06:24 Town Hall
06:31 Scout Tower
06:32 Scout Tower
06:32 Scout Tower
06:33 Scout Tower
06:33 Scout Tower
06:34 Scout Tower
06:36 Guard Tower
06:44 Arcane Sanctum
07:04 Guard Tower
07:08 Guard Tower
07:25 Guard Tower
07:26 Scout Tower
07:28 Scout Tower
07:29 Guard Tower
08:33 Castle
08:35 Scout Tower
08:36 Scout Tower
08:36 Scout Tower
08:40 Scout Tower
08:41 Scout Tower
08:42 Scout Tower
09:05 Guard Tower
09:10 Guard Tower
09:11 Scout Tower
09:12 Scout Tower
09:12 Scout Tower
09:32 Guard Tower
09:56 Guard Tower
09:57 Scout Tower
09:59 Scout Tower
10:15 Guard Tower
10:52 Guard Tower
10:56 Guard Tower
10:57 Guard Tower
11:01 Scout Tower
11:32 Guard Tower
11:43 Guard Tower
11:56 Town Hall
12:03 Scout Tower
12:04 Scout Tower
12:33 Guard Tower
12:41 Scout Tower
12:42 Scout Tower
12:42 Scout Tower
12:43 Scout Tower
12:46 Scout Tower
12:47 Scout Tower
12:48 Scout Tower
12:49 Scout Tower
12:49 Scout Tower
12:50 Scout Tower
12:50 Scout Tower
12:51 Scout Tower
13:05 Guard Tower
13:10 Guard Tower
14:34 Scout Tower
14:35 Scout Tower
14:35 Scout Tower
14:35 Scout Tower
14:37 Guard Tower
14:41 Scout Tower
14:42 Scout Tower
14:47 Scout Tower
14:48 Scout Tower
14:58 Guard Tower
15:17 Guard Tower
15:21 Scout Tower
15:21 Scout Tower
15:22 Scout Tower
15:22 Scout Tower
15:23 Scout Tower
15:24 Scout Tower
15:24 Guard Tower
15:31 Guard Tower
15:37 Guard Tower
15:38 Guard Tower
15:56 Guard Tower
16:33 Guard Tower
16:35 Scout Tower
16:36 Scout Tower
16:36 Scout Tower
16:37 Scout Tower
16:43 Guard Tower
16:45 Guard Tower
16:58 Guard Tower
17:45 Scout Tower
17:46 Scout Tower
17:48 Guard Tower
18:15 Guard Tower
18:26 Guard Tower
19:00 Town Hall
19:04 Scout Tower
19:05 Scout Tower
19:06 Scout Tower
19:07 Scout Tower
19:07 Scout Tower
19:08 Scout Tower
19:08 Scout Tower
19:10 Scout Tower
19:10 Scout Tower
19:11 Scout Tower
19:11 Scout Tower
19:12 Scout Tower
19:13 Scout Tower
19:13 Scout Tower
19:14 Scout Tower
19:15 Scout Tower
19:20 Guard Tower
19:34 Guard Tower
21:00 Scout Tower
21:00 Scout Tower
21:40 Guard Tower
21:45 Scout Tower
22:57 Guard Tower
23:00 Scout Tower
23:45 Scout Tower
23:45 Scout Tower
23:46 Scout Tower
23:46 Scout Tower
23:47 Scout Tower
23:47 Scout Tower
23:48 Scout Tower
23:48 Scout Tower
23:49 Scout Tower
23:49 Scout Tower
24:26 Guard Tower
24:52 Guard Tower
24:54 Guard Tower
24:56 Scout Tower
24:57 Scout Tower
25:13 Guard Tower
25:18 Town Hall
25:40 Guard Tower
25:42 Scout Tower
25:43 Scout Tower
25:43 Scout Tower
25:44 Scout Tower
26:14 Guard Tower
26:48 Guard Tower
27:01 Guard Tower
27:23 Scout Tower
27:23 Scout Tower
27:24 Scout Tower
27:27 Scout Tower
27:28 Scout Tower
27:28 Scout Tower
27:29 Scout Tower
27:30 Guard Tower
28:55 Guard Tower
29:39 Guard Tower
29:48 Scout Tower
29:49 Scout Tower
29:49 Scout Tower
29:50 Scout Tower
29:51 Scout Tower
29:51 Scout Tower
29:52 Scout Tower
29:53 Scout Tower
29:54 Scout Tower
29:55 Scout Tower
29:56 Scout Tower
29:57 Scout Tower
30:33 Guard Tower
32:18 Guard Tower
32:20 Guard Tower
32:36 Guard Tower
32:49 Guard Tower
33:22 Guard Tower
39:07 Blacksmith
40:56 Workshop
46:59 Farm
47:00 Farm
47:01 Farm
47:02 Farm
47:04 Gryphon Aviary
47:07 Gryphon Aviary
47:11 Farm
47:13 Farm
48:36 Barracks
» items
| Scroll of Regeneration | 2 | |
| Boots of Speed | 3 | |
| Staff of Sanctuary | 3 | |
| Orb of Fire | 3 | |
| Potion of Lesser Invulnerability | 1 | |
12 total
Chat log
(00:09 / All) Tronko: hi
(00:12 / All) BEAR_AND: hello good evening
(00:19 / All) Tronko: it's night time for me :p
(00:28 / All) BEAR_AND: "evening"
(01:06 / All) Tronko: it's still considered evening?
(01:09 / All) BEAR_AND: ugh
(01:13 / All) BEAR_AND: hush
(14:26 / All) BEAR_AND: gg
(14:39 / All) Tronko: sigh
(14:39 / All) Tronko: gg
(14:44 / All) BEAR_AND: bye
(15:59 / All) BEAR_AND: you m ay leave
(16:01 / All) BEAR_AND: farewell
(20:54 / All) BEAR_AND: do you really think that will work.
(20:58 / All) Tronko: no
(21:01 / All) BEAR_AND: ok bye
(21:02 / All) BEAR_AND: quit
(22:31 / All) BEAR_AND: ty
(22:33 / All) BEAR_AND: leave
(22:35 / All) Tronko: np
(25:48 / All) BEAR_AND: hahahhaha
(26:03 / All) Tronko: lol
(29:00 / All) BEAR_AND: haveing fun.
(29:05 / All) Tronko: yup
(29:12 / All) BEAR_AND: a masochist......,
(29:18 / All) Tronko: hmm
(29:21 / All) Tronko: why don't u build units?
(29:25 / All) BEAR_AND: bwahahahaha
(29:26 / All) Tronko: and end this
(29:29 / All) Tronko: just end it dammit
(29:35 / All) BEAR_AND: there is a video on youtube to search for....towerpowernerf
(29:42 / All) BEAR_AND: take a peep
(29:45 / All) Tronko: kk
(29:48 / All) Tronko: i'll take a peep after this
(29:54 / All) Tronko: are u following the strategy?
(30:08 / All) BEAR_AND: i invent all my strats
(30:09 / All) BEAR_AND: sorry
(30:17 / All) BEAR_AND: the video is by an undead player.....ABOUT ME!!!!!!!!!
(30:24 / All) Tronko: lol
(30:28 / All) BEAR_AND: just thought u might need a friend after a loss this bad.
(31:13 / All) Tronko: hmm
(31:43 / All) BEAR_AND: mwahahahahaha
(31:48 / All) BEAR_AND: *poog* *wahoo*
(31:50 / All) Tronko: at this rate i lose :(
(32:01 / All) BEAR_AND: u lost when you pressed "find game>......"
(32:29 / All) BEAR_AND: frost wrym....great idea
(32:36 / All) Tronko: no lumber or gold tho
(32:37 / All) Tronko: @_@
(32:44 / All) BEAR_AND: wahahahaha i wonder why
(33:00 / All) Tronko: so expensive to make one
(33:19 / All) BEAR_AND: yes, that is true
(33:50 / All) Tronko: lol u have 3 gold mien?
(33:57 / All) BEAR_AND: correct
(34:52 / All) BEAR_AND: were ur hero @
(34:53 / All) Tronko: god dammit :(
(36:05 / All) Tronko: sigh
(36:14 / All) BEAR_AND: begone, slob
(36:21 / All) Tronko: 4 gold miens :p
(38:06 / All) Tronko: can u end this :)
(38:15 / All) BEAR_AND: bwahahahah why are you mining in upkeep
(38:33 / All) Tronko: i got no gold left
(38:36 / All) Tronko: just end this dammit
(38:40 / All) BEAR_AND: ??????????
(39:43 / All) Tronko: damn need more gold :O
(39:47 / All) BEAR_AND: :)
(41:52 / All) Tronko: dammit hte gold mien is depleted?
(41:58 / All) BEAR_AND: wahahhahahaha
(42:01 / All) Tronko: dammit
(42:02 / All) Tronko: @_@
(43:20 / All) Tronko: no gold or lumber left :p
(43:30 / All) BEAR_AND: it is a sign....begone
(44:21 / All) BEAR_AND: hey
(44:26 / All) BEAR_AND: would u take a piece of advice.
(44:49 / All) BEAR_AND: i guess i give it to you free of charge...
(44:53 / All) BEAR_AND: put a egg in your shoe
(44:56 / All) BEAR_AND: and BEAT IT!!!!!!!!!
(46:30 / All) Tronko: dammit
(46:31 / All) Tronko: :'(
(46:33 / All) Tronko: one of them gone already
(47:40 / All) Tronko: damn my crypt lord is usless against u should have revived other hero
(47:41 / All) Tronko: @_@
(47:46 / All) Tronko: u ain't making no units for me to consume
(47:46 / All) BEAR_AND: bwahahahaha
(48:55 / All) Tronko: how much gold u got
(49:00 / All) BEAR_AND: 26878
(49:03 / All) BEAR_AND: 26915
(49:38 / All) Tronko: sigh
(49:46 / All) BEAR_AND: GG
(49:50 / All) BEAR_AND: begone now
(50:01 / All) Tronko: gg